Map: Odyssey LE

Players

rafapras - Winner!

  • Race: Protoss Protoss
  • League: Diamond
  • Spawn Location: 5:00

FxAMcDeath

  • Race: Terran Terran
  • League: Platinum
  • Spawn Location: 11:00

VOD

Have the link to the VOD?

Description

Time

  • Played on: Dec. 2, 2017, 7:58 a.m.
  • Length: 13:43
Show
View Real Time Build Order
Export as new Build Order

rafapras Protoss - Winner!

Build Orders: Colossus Rush 

Get SALT Encoding   

  12  0:03  Probe  
  13  0:15  Probe  
  13  0:19  Pylon  
  14  0:28  Probe  
  15  0:37  Gateway  
  15  0:40  Probe (Chrono Boost)  
  16  0:48  Assimilator  
  16  0:52  Probe (Chrono Boost)  
  17  1:00  Probe (Chrono Boost)  
  18  1:06  Probe  
  19  1:18  Probe (Chrono Boost)  
  20  1:26  Cybernetics Core  
  20  1:28  Pylon  
  20  1:30  Probe (Chrono Boost)  
  21  1:39  Probe (Chrono Boost)  
  22  1:56  Nexus  
  22  2:04  Warp Gate  
  22  2:06  Adept  
  22  2:07  Probe  
  25  2:12  Assimilator  
  25  2:23  Gateway  
  25  2:29  Probe  
  26  2:38  Robotics Facility  
  26  2:43  Probe  
  27  2:49  Adept  
  29  3:00  Shield Battery  
  30  3:06  Probe (Chrono Boost)  
  30  3:08  Probe (Chrono Boost)  
  31  3:13  Pylon  
  31  3:18  Probe (Chrono Boost)  
  33  3:20  Probe (Chrono Boost)  
  33  3:34  Probe x2  
  35  3:46  Probe x2  
  37  3:52  Shield Battery  
  37  3:56  Observer (Chrono Boost)  
  37  3:58  Probe x2  
  40  4:07  Immortal  
  44  4:10  Probe x2  
  44  4:14  Assimilator  
  46  4:17  Assimilator  
  46  4:22  Probe (Chrono Boost), Robotics Bay  
  49  4:31  Probe (Chrono Boost)  
  49  4:34  Probe (Chrono Boost)  
  49  4:35  Probe (Chrono Boost)  
  49  4:36  Probe, Pylon  
  51  4:41  Stalker  
  53  4:46  Observer  
  54  4:54  Probe x2, Pylon  
  54  4:56  Stalker  
  58  5:06  Probe x2, Forge  
  60  5:07  Forge  
  60  5:16  Colossus  
  60  5:18  Probe  
  67  5:24  Observer  
  67  5:26  Forge  
  67  5:29  Stalker  
  67  5:35  Pylon  
  68  6:00  Stalker  
  68  6:01  Stalker  
  68  6:02  Probe x2  
  73  6:14  Photon Cannon, Probe x2  
  75  6:23  Protoss Ground Armor Level 1 (Chrono Boost), Protoss Ground Weapons Level 1 (Chrono Boost)  
  75  6:24  Extended Thermal Lance  
  75  6:26  Probe x2  
  77  6:32  Pylon  
  77  6:50  Colossus (Chrono Boost)  
  77  6:53  Probe, Nexus  
  84  6:55  Pylon  
  84  6:58  Twilight Council  
  84  7:04  Probe  
  84  7:07  Gateway  
  85  7:09  Gateway, Pylon  
  85  7:11  Gateway  
  85  7:13  Gateway  
  85  7:21  Zealot  
  87  7:25  Probe x2  
  90  7:37  Probe x2, Observer (Chrono Boost)  
  90  7:39  Charge  
  90  7:43  Stalker x2  
  96  7:49  Probe  
  95  7:56  Immortal  
  87  8:13  Probe x2  
  87  8:14  Probe  
  87  8:18  Protoss Ground Weapons Level 2 (Chrono Boost)  
  87  8:19  Protoss Ground Armor Level 2 (Chrono Boost)  
  90  8:25  Probe  
  90  8:26  Probe x2  
  93  8:30  Assimilator  
  93  8:33  Assimilator  
  93  8:34  Stalker x2  
  93  8:35  Zealot x2  
  93  8:36  Zealot x2  
  93  8:37  Shield Battery  
  93  8:39  Shield Battery  
  105  8:42  Shield Battery  
  105  8:46  Gateway  
  105  8:47  Gateway  
  105  8:49  Gateway  
  105  8:53  Probe x2  
  105  8:54  Stargate  
  107  8:57  Templar Archives  
  107  9:05  Colossus (Chrono Boost)  
  113  9:11  Pylon  
  113  9:16  Pylon  
  113  9:31  Pylon  
  113  9:32  Blink  
  113  9:33  Pylon  
  113  9:34  Pylon  
  113  9:36  Pylon  
  113  9:37  Zealot x4  
  120  9:52  Colossus  
  120  9:59  Psionic Storm, Void Ray  
  130  10:08  Zealot x3  
  130  10:09  Zealot x4  
  130  10:10  Zealot x2  
  124  10:21  Protoss Ground Weapons Level 3 (Chrono Boost)  
  124  10:23  Protoss Ground Armor Level 3 (Chrono Boost)  
  118  10:29  Zealot x3  
  118  10:30  Zealot x4  
  130  10:56  Void Ray (Chrono Boost)  
  134  10:58  High Templar x4  
  142  11:17  Nexus, Colossus  
  148  11:18  Pylon  
  148  11:21  Pylon  
  148  11:24  Assimilator  
  148  11:30  Assimilator  
  148  11:31  Stargate  
  148  11:32  Void Ray (Chrono Boost)  
  152  11:35  Fleet Beacon  
  152  11:41  Zealot x3  
  152  11:42  Zealot  
  156  12:22  Probe x2  
  158  12:27  Tempest  
  164  12:32  Zealot x3  
  164  12:33  Zealot x3  
  155  13:13  Zealot x5  
  155  13:14  Zealot  
Show
View Real Time Build Order
Export as new Build Order

FxAMcDeath Terran 

Build Orders: Reaper Expand, MMM Bio 

Get SALT Encoding   

  12  0:01  SCV  
  13  0:13  SCV  
  14  0:17  Supply Depot  
  14  0:25  SCV  
  15  0:30  Refinery  
  15  0:39  SCV  
  16  0:47  Barracks  
  16  0:51  SCV  
  17  1:03  SCV  
  18  1:15  SCV  
  19  1:33  Orbital Command  
  19  1:34  Reaper  
  20  1:46  Command Center  
  20  1:57  Factory  
  20  2:01  SCV  
  21  2:11  Barracks Reactor  
  21  2:19  SCV  
  22  2:24  Supply Depot  
  22  2:32  SCV  
  23  2:48  Marine  
  23  2:49  Starport, Marine  
  23  2:50  SCV  
  23  2:51  Hellion  
  28  2:53  Refinery  
  28  2:58  Orbital Command  
  28  3:06  Marine x2  
  28  3:11  SCV, Widow Mine  
  33  3:31  Marine x2  
  33  3:33  Starport Tech Lab  
  35  3:36  SCV x2  
  37  3:48  SCV, Factory Tech Lab  
  36  3:49  Marine x2  
  36  3:50  Bunker  
  36  3:53  Barracks  
  39  3:56  SCV, Barracks  
  39  4:00  SCV  
  41  4:06  Banshee  
  41  4:08  Cloaking Field  
  44  4:15  SCV x2  
  46  4:23  Marine x2  
  48  4:25  Supply Depot  
  48  4:26  Supply Depot  
  48  4:27  SCV  
  49  4:32  SCV  
  49  4:36  Refinery  
  50  4:39  SCV, Supply Depot  
  50  4:43  Factory Tech Lab  
  51  4:51  SCV  
  52  4:55  Barracks Tech Lab, Stimpack  
  52  4:57  Marine x2  
  54  5:00  Marine  
  55  5:07  Supply Depot  
  55  5:10  SCV x2  
  55  5:13  Refinery  
  57  5:17  Engineering Bay  
  57  5:22  SCV x2, Marine x3, Engineering Bay  
  57  5:25  Combat Shields  
  62  5:34  SCV, Barracks  
  63  5:41  Starport Reactor  
  63  5:47  Marine x2  
  63  5:48  Marine  
  63  5:49  Marine  
  67  5:52  Factory Reactor  
  67  5:53  SCV  
  68  6:08  Marine x2  
  68  6:09  Marauder  
  68  6:10  Marauder  
  74  6:12  SCV  
  74  6:18  Barracks  
  75  6:22  Terran Infantry Weapons Level 1  
  75  6:23  Terran Infantry Armor Level 1  
  72  6:29  Marauder  
  72  6:30  Concussive Shells  
  72  6:31  Marauder  
  72  6:32  SCV, Marauder  
  79  6:33  SCV  
  79  6:34  Widow Mine  
  79  6:36  Widow Mine  
  84  6:41  Medivac  
  86  6:53  Command Center  
  86  6:58  Supply Depot  
  86  7:20  SCV, Medivac, Marauder x2  
  93  7:24  Marine  
  93  7:26  Missile Turret  
  94  7:30  Supply Depot  
  94  7:31  Supply Depot  
  94  7:37  Armory  
  94  7:52  SCV x2, Widow Mine, Marauder x3  
  94  7:53  Marauder  
  94  7:55  Marine  
  94  7:56  Marine  
  99  8:04  SCV x2  
  86  8:09  Medivac x2  
  88  8:13  Marine x2, Marauder x3  
  88  8:14  Marauder  
  88  8:16  SCV  
  88  8:17  SCV  
  88  8:18  Barracks  
  100  8:26  SCV  
  101  8:28  SCV  
  101  8:30  SCV, Widow Mine x2  
  101  8:31  Marine x2  
  109  8:34  Marine x2  
  109  8:35  Marauder  
  109  8:36  Marauder  
  115  8:42  SCV  
  115  8:43  Missile Turret, Orbital Command  
  115  8:47  Medivac  
  118  8:49  Marine  
  118  8:53  Marauder x2  
  123  8:56  Marauder  
  125  9:05  Medivac, Marauder  
  125  9:06  SCV, Marine  
  125  9:07  Marine  
  132  9:10  Starport, Refinery  
  132  9:13  Marine  
  133  9:37  SCV  
  133  9:38  SCV, Marine  
  133  9:42  Marine  
  133  9:43  Marine  
  133  10:06  SCV, Medivac, Marine x2, Marauder x2, Supply Depot x3  
  141  10:09  Marauder  
  141  10:10  Marauder  
  140  10:15  Medivac  
  140  10:17  Medivac x2  
  140  10:18  SCV, Factory Tech Lab  
  122  10:24  Marine x2  
  122  10:28  Marauder x2  
  122  10:31  Marauder x2  
  124  10:41  Marine  
  124  10:42  Marine  
  124  10:49  Medivac x2, Marauder x2  
  115  10:50  Medivac  
  115  10:52  Marauder x2  
  115  10:55  SCV  
  115  10:56  SCV x2  
  124  10:59  Marine  
  124  11:00  Marine, Command Center  
  126  11:08  SCV x2  
  126  11:10  Marauder  
  126  11:11  Marauder  
  132  11:12  SCV  
  132  11:14  Marauder x2  
  132  11:15  Barracks  
  132  11:16  Barracks Tech Lab, Barracks  
  132  11:17  Marine  
  132  11:18  Marine  
  139  11:19  Supply Depot  
  139  11:30  Medivac x2  
  139  11:32  Marauder x2  
  147  11:33  Widow Mine  
  147  11:34  Medivac  
  147  11:35  Marauder x2  
  147  11:36  SCV  
  156  11:45  Marine x2, Marauder  
  160  11:53  Marauder x2  
  164  11:56  Marine x2  
  166  12:01  Widow Mine  
  166  12:02  Medivac  
  166  12:03  Marine x2  
  166  12:07  Marauder  
  159  12:14  Marine x2, Marauder  
  159  12:15  Marauder  
  146  12:20  Barracks Tech Lab x2  
  146  12:21  Marine x2  
  148  12:28  Marine  
  149  12:32  Marine, Marauder  
  149  12:35  Marine x2  
  154  12:39  Marine  
  149  12:54  Marine x4  
  149  12:55  Marine x2  
  139  13:04  Marine  
  105  13:08  Medivac x3  
  107  13:13  Marauder x4  
  107  13:19  Marine x2  
  110  13:22  Marine  
Tags
 
Composition
MMM Bio
Matchup
PvT
Spawn Locations
Cross Positions
Add a new tag
Caveats
  • Supply blocks, unpowered buildings, or Contaminate may cause inaccurate times.
  • Supply counts are checked every 10 seconds.